 Dungeon Crawl Stone Soup version 0.27-a0-1144-g0b7d3b79db (webtiles) character file.

Game seed: 18059841114445030093

1207 freelancePsychic the Chopper (level 8, -2/65 HPs)
             Began as a Palentonga Abyssal Knight on May 10, 2021.
             Was a Priest of Lugonu.
             Slain by a kobold
             ... wielding a +4 dagger of distortion
              (11 damage)
             ... in a sewer.
             The game lasted 00:17:29 (7451 turns).

freelancePsychic the Chopper (PaAK)                 Turns: 7451, Time: 00:17:29

Health: -2/65      AC: 13    Str: 18    XL:     8   Next: 21%
Magic:  11/12      EV:  7    Int: 12    God:    Lugonu [***...]
Gold:   311        SH:  0    Dex: 10    Spells: 7/7 levels left

rFire    . . .     SeeInvis +   m - +0 war axe
rCold    . . .     Faith    .   (no shield)
rNeg     . . .     Spirit   .   c - +0 scale mail
rPois    .         Reflect  .   (no helmet)
rElec    .         Harm     .   (no cloak)
rCorr    .         Rampage  .   (no gloves)
Will     .....                  (no barding)
Stlth    ..........             (no amulet)
HPRegen  0.20/turn              (no ring)
MPRegen  0.13/turn              (no ring)

@: curled up
A: large, rugged brown scales 3, see invisible, deformed body, roll 1, armoured
tail, reflexive curl
a: Rolling Charge, Renounce Religion, Depart the Abyss, Bend Space, Banish


You were in a sewer.
You worshipped Lugonu.
Lugonu was most pleased with you.
You visited 1 branch of the dungeon, and saw 6 of its levels.
You visited the Abyss 2 times.
You also visited: Sewer.

You collected 311 gold pieces.

Inventory:

Hand Weapons
 m - a +0 war axe (weapon)
Missiles
 d - 6 boomerangs of dispersal
 i - 2 throwing nets
Armour
 b - a +0 leather armour
 c - a +0 scale mail (worn)
 n - a +0 chain mail
 p - a +0 cloak
Jewellery
 e - a ring of fire
 q - a ring of ice
 y - a ring of willpower
Wands
 x - a wand of flame (19)
Scrolls
 f - a scroll of fear
 u - 2 scrolls of blinking
 z - 2 scrolls of teleportation {@r4}
Potions
 a - a potion of brilliance {unknown}
 g - a potion of berserk rage {unknown}
 h - 3 potions of lignification
 j - 2 potions of might
 k - 5 potions of curing {@q1}
 o - 2 potions of degeneration {unknown}
 s - a potion of attraction {unknown}
 w - 2 potions of heal wounds {unknown}


   Skills:
 + Level 4.8 Fighting
 * Level 7.2(7.4) Axes
 - Level 2.2(5.1) Maces & Flails
 - Level 1.5 Armour
 - Level 0.7 Dodging
 + Level 5.9 Invocations


You had 7 spell levels left.
You didn't know any spells.
Your spell library contained the following spells:

 Spells                   Type           Power      Damage    Failure   Level
 Animate Skeleton         Necr           0%         N/A       71%         1
 Pain                     Necr           0%         1d4       71%         1
 Vampiric Draining        Necr           0%         2d6       97%         3
 Animate Dead             Necr           0%         N/A       100%        4
 Agony                    Necr           0%         N/A       100%        5


Dungeon Overview and Level Annotations

Branches:
Dungeon (6/15)             Temple (0/1) D:4           Sewer (1/1)

Altars:
Ashenzari
Cheibriados
Fedhas
Kikubaaqudgha
Ru

Shops:
D:4 [   D:5 ?

Annotations:
D:3 2 transporters


Innate Abilities, Weirdness & Mutations

You are completely covered in rugged brown scales. (AC +3, +7% HP)
You have supernaturally acute eyesight. (SInv)
Armour fits poorly on your strangely shaped body.
You can roll at nearby foes to attack.
You have a long armoured tail.
You curl defensively after being hit.


Message History

The kobold hits you with a +0 whip. The kobold hits you but does no damage.
You are cast into the Abyss!
To return, you must find a gate leading back.
Killing monsters will force the Abyss to allow you passage.
This branch contains the abyssal rune of Zot.
Found a scroll of teleportation and a throwing net.
Found 18 gold pieces and 13 arrows.
z - 2 scrolls of teleportation {@r4} (gained 1)
You now have 311 gold pieces (gained 18).
You start resting.
HP restored.
A raiju comes into view.
You pass through the gate.
You can no longer corrupt the fabric of space.
The kobold brigand throws a poisoned dart.
The poisoned dart barely misses you.
The poisoned dart misses the kobold.
The kobold hits you with a +0 whip. The kobold barely misses you.
The kobold hits you with a +0 whip.
There is an open door here.
You closely miss the kobold. You hit the kobold.
You kill the kobold!
Lugonu accepts your kill.
The kobold hits you with a +4 dagger of distortion.
Space warps horribly around you!! The kobold hits you but does no damage.
You barely miss the kobold. You slash the kobold!
You kill the kobold!
Lugonu accepts your kill.
You barely miss the kobold brigand.
The kobold brigand hits you with a +0 whip.
The kobold hits you with a +4 dagger of distortion.
Space warps horribly around you!
* * * LOW HITPOINT WARNING * * *
You barely miss the kobold.
Your tail-slap misses the kobold.
You hit the kobold brigand.
The kobold brigand hits you but does no damage.
The kobold hits you with a +4 dagger of distortion.
* * * LOW HITPOINT WARNING * * *
Space warps horribly around you!
You die...

##.†....≈≈≈≈≈
#......≈≈≈≈≈≈
#.....#≈≈≈≈≈≈
#....##≈≈≈≈≈≈
#....#≈≈≈≈≈≈≈
##.....≈≈≈≈≈≈≈
#......≈≈≈≈≈≈≈
#.)K..≈≈≈≈≈≈≈≈
###@###≈#≈#≈##
#.)K).##≈#≈#≈#
#.....# #≈#≈##
##...## #≈#≈#
)...? #≈##
#!!#[?# #≈ ###
### ≈≈≈ ≈≈≈


You could see a kobold brigand and a kobold.

Vanquished Creatures
  An ice beast (D:6)
  2 ogres
  A necrophage (D:5)
  A jelly (D:5)
  5 hounds
  3 centaur skeletons (D:4)
  A bullfrog skeleton (D:4)
  Terence (D:3)
  2 iguanas (D:4)
  10 gnolls
  8 adders
  2 howler monkey skeletons
  4 river rats (Sewer)
  A shadow imp (D:2)
  A white imp (D:5)
  2 ufetubi
  2 worms (D:4)
  4 dart slugs
  4 orcs
  5 bats
  7 endoplasms
  7 giant cockroaches
  3 goblins
  11 hobgoblins
  8 jackals
  10 quokkas
  8 ball pythons
  8 frilled lizards
  16 kobolds
  20 rats
158 creatures vanquished.

Notes
Turn   | Place    | Note
-------+----------+-------------------------------------------
     0 | Abyss:1  | freelancePsychic the Palentonga Abyssal Knight began the
                  | quest for the Orb.
     0 | Abyss:1  | Reached XP level 1. HP: 19/19 MP: 2/2
    64 | Abyss:1  | Noticed a cacodemon
    69 | D:1      | Escaped the Abyss
   122 | D:1      | Reached * piety under Lugonu
   243 | D:1      | Reached skill level 1 in Maces & Flails
   282 | D:1      | Reached XP level 2. HP: 8/25 MP: 3/3
   965 | D:1      | Reached XP level 3. HP: 29/31 MP: 4/4
  1183 | D:2      | Found a faded altar of an unknown god.
  1738 | D:2      | Reached XP level 4. HP: 29/37 MP: 6/6
  1830 | D:2      | Reached ** piety under Lugonu
  2219 | D:2      | Reached skill level 3 in Axes
  3045 | D:3      | Found an ancient bone altar of Kikubaaqudgha.
  3045 | D:3      | Noticed Terence
  3061 | D:3      | Killed Terence
  3062 | D:3      | Reached XP level 5. HP: 21/43 MP: 7/7
  3320 | D:3      | Found a transporter.
  3321 | D:3      | Noticed a sky beast
  3322 | D:3      | Noticed a wyvern
  3323 | D:3      | Found a transporter.
  3323 | D:3      | Found a broken altar of Ashenzari.
  3572 | D:4      | Found Gus Daom's Antique Armour Boutique.
  3583 | D:4      | Reached skill level 4 in Axes
  3610 | D:3      | Reached XP level 6. HP: 21/50 MP: 7/9
  3924 | D:4      | Reached *** piety under Lugonu
  4073 | D:4      | Found a blossoming altar of Fedhas.
  4084 | D:4      | Reached skill level 5 in Axes
  4280 | D:4      | Identified the +1 ring mail of Pragmatism {Int+2}
  4847 | D:4      | Gained mutation: You curl defensively after being hit.
                  | [Palentonga growth]
  4847 | D:4      | Reached XP level 7. HP: 47/55 MP: 10/10
  5081 | D:4      | Found a snail-covered altar of Cheibriados.
  5304 | D:4      | Found a staircase to the Ecumenical Temple.
  5360 | D:5      | Entered Level 5 of the Dungeon
  5461 | D:5      | Reached skill level 5 in Invocations
  5719 | D:5      | Reached skill level 6 in Axes
  5979 | D:5      | Found Meplecy's Magic Scroll Shoppe.
  6658 | D:5      | Found a sacrificial altar of Ru.
  6860 | D:5      | Reached XP level 8. HP: 65/65 MP: 12/12
  6882 | D:6      | Reached skill level 7 in Axes
  6914 | D:6      | Found a glowing drain.
  6932 | Sewer    | Entered a sewer
  7083 | Sewer    | Reached **** piety under Lugonu
  7369 | Sewer    | Cast into level 1 of the Abyss (kobold)
  7447 | Abyss:1  | Noticed a raiju
  7448 | Sewer    | Escaped the Abyss
  7451 | Sewer    | Slain by a kobold

Illustrated notes

Levels and vault maps discovered:
D:1:      wander_arrival_chamber, layout_loops_ring
D:2:      layout_basic, basic_ecumenical_altar
D:3:      layout_rooms, gammafunk_temple_overflow_arena,
          kiku_gazebo_pond_becter, uniq_terence
D:4:      layout_basic, lemuel_coloured_pillars_altar, lemuel_doored_altar,
          temple_hall, serial_shops, shop, minmay_pentomino_pile
D:5:      layout_basic, kennysheep_mini, serial_shops, nicolae_shop_waterfront,
          kennysheep_generic_room_5
D:6:      layout_basic, lemuel_tele_altar, portal_sewer_entry_f
Sewer:    sewer_minmay_treatment

Skill      XL: |  1  2  3  4  5  6  7  8 |
---------------+-------------------------+-----
Maces & Flails | 1 2 |  2.2
Invocations    | 3 4 5 |  5.9
Axes           | 3 4 5 6 7 |  7.2
Fighting       | 4 |  4.8
Armour         | |  1.5
Dodging        | |  0.7

Action                   |  1- 3 |  4- 6 |  7- 9 || total
-------------------------+-------+-------+-------++-------
Melee: Hand axe          |   102 |    33 |       ||   135
       Tailslap          |    12 |    19 |    12 ||    43
       War axe           |       |   165 |   137 ||   302
Invok: Depart the Abyss  |     1 |       |     1 ||     2
       Bend Space        |       |     2 |     1 ||     3
       Banish            |       |       |     1 ||     1
 Abil: Rolling Charge    |     6 |    42 |    18 ||    66
  Use: Scroll            |     1 |     4 |     5 ||    10
Armor: Scale mail        |    48 |   134 |    60 ||   242
Dodge: Dodged            |    37 |    92 |    65 ||   194

Table legend: (Time is in decaauts)
 A = Elapsed time spent in this place.
 B = Non-inter-level travel time spent in this place.
 C = Inter-level travel time spent in this place.
 D = Time resting spent in this place.
 E = Time spent auto-exploring this place.
 F = Levels seen in this place.
 G = Mean time per level.
                   A        B        C        D        E       F      G
               +--------+--------+--------+--------+--------+-----+--------+
         Total |   7550 |   7332 |    218 |   1917 |   4212 |   9 |  838.9 |
       Dungeon |   6952 |   6734 |    218 |   1694 |   4035 |   6 | 1158.7 |
         Abyss |    147 |    147 |      0 |     58 |     33 |   2 |   73.5 |
         Sewer |    450 |    450 |      0 |    165 |    144 |   1 |  450.0 |
               +--------+--------+--------+--------+--------+-----+--------+

Top non-repeatable levels by time:
     D:1: 1484 daAuts
     D:2: 1447 daAuts
     D:5: 1418 daAuts
     D:4: 1297 daAuts
     D:3: 1243 daAuts
   Sewer: 450 daAuts
 Abyss:1: 147 daAuts
     D:6: 61 daAuts
